 Dungeon Crawl Stone Soup version 0.25-a0-942-g87a53962fc (webtiles) character file.

Game seed: 13885137680228786146, levelgen mode: deterministic

84000 Lavandula the Fencer (level 15, -2/93 HPs)
             Began as a Tengu Air Elementalist on May 7, 2020.
             Was the Champion of Qazlal.
             Killed by the raging water
             ... invoked by a water nymph
              (36 damage)
             ... on level 1 of the Shoals.
             The game lasted 01:48:36 (19835 turns).

Lavandula the Fencer (Tengu Air Elementalist)      Turns: 19835, Time: 01:48:37

Health: -2/93      AC: 11    Str:  8    XL:     15   Next: 79%
Magic:  4/28       EV: 21    Int: 21    God:    Qazlal [******]
Gold:   1209       SH: 14    Dex: 16    Spells: 1/30 levels left

rFire    + . .     SeeInvis .   p - +2 great sword (freeze)
rCold    . . .     Gourm    .   (shield currently unavailable)
rNeg     . . .     Faith    .   r - +2 troll leather armour {Purgy}
rPois    .         Spirit   .   V - +0 hat
rElec    .         Reflect  +   Z - +2 cloak {+Inv}
rCorr    .         Harm     .   n - +0 pair of gloves
MR       ++...                  (boots unavailable)
Stlth    +.........             P - +6 amulet of reflection
HPRegen  0.65/turn              H - ring of protection from magic
MPRegen  0.21/turn              g - ring of protection from fire

@: repel missiles, very slow
A: beak, talons 3, able to fly
a: Fly, Upheaval, Elemental Force, Disaster Area, Renounce Religion, Evoke
Invisibility


You were on level 1 of the Shoals.
You worshipped Qazlal.
Qazlal was exalted by your worship.
You were not hungry.

You visited 6 branches of the dungeon, and saw 24 of its levels.
You also visited: Sewer, Gauntlet and Ice Cave.

You collected 1886 gold pieces.
You spent 677 gold pieces at shops.

Inventory:

Hand Weapons
 p - a +2 great sword of freezing (weapon)
 x - a +5 scimitar of flaming
 F - a +2 short sword of draining
Missiles
 b - 14 silver javelins
 y - 18 poisoned darts (quivered)
 T - 3 throwing nets
Armour
 m - a scarf of resistance
 n - a +0 pair of gloves (worn)
 r - a +2 troll leather armour (worn) {Purgy}
 t - a +2 animal skin of cold resistance
 u - a +2 robe of fire resistance
 S - a +1 scale mail of poison resistance
 V - a +0 hat (worn)
 Z - a +2 cloak of invisibility (worn)
Magical Staves
 I - an uncursed staff of air
 U - an uncursed staff of wizardry
Jewellery
 f - an uncursed ring of resist corrosion
 g - a ring of protection from fire (right hand)
 i - an uncursed ring of protection from cold
 q - an uncursed amulet of regeneration
 H - a ring of protection from magic (left hand)
 O - an uncursed ring of protection from cold
 P - a +6 amulet of reflection (around neck)
 X - an uncursed amulet of the acrobat
Wands
 C - a wand of iceblast (12)
 D - a wand of digging (5)
 K - a wand of paralysis (7)
 L - a wand of clouds (3)
 W - a wand of polymorph (18)
 Y - a wand of acid (6)
Scrolls
 d - 3 scrolls of remove curse
 e - 4 scrolls of magic mapping
 k - 6 scrolls of teleportation
 l - 3 scrolls of blinking
 s - a scroll of acquirement {unknown}
 A - 2 scrolls of fog
 B - a scroll of summoning {unknown}
 N - 2 scrolls of immolation
Potions
 a - a potion of mutation
 h - 5 potions of stabbing
 j - 7 potions of curing
 v - a potion of cancellation {unknown}
 w - 4 potions of might {unknown}
 z - 4 potions of brilliance
 E - a potion of ambrosia {unknown}
 G - 2 potions of lignification {unknown}
 J - a potion of magic {unknown}
 M - a potion of resistance {unknown}
 Q - a potion of degeneration {unknown}
 R - 2 potions of berserk rage {unknown}
Miscellaneous
 o - a lightning rod (4/4)
Comestibles
 c - 11 rations


   Skills:
 - Level 10.9 Fighting
 + Level 16.9 Long Blades
 - Level 6.5 Armour
 - Level 13.0 Dodging
 - Level 2.0 Stealth
 - Level 8.3 Spellcasting
 - Level 4.5 Conjurations
 - Level 2.4 Translocations
 - Level 5.5 Ice Magic
 - Level 11.2 Air Magic
 - Level 2.0 Poison Magic
 - Level 2.6 Evocations


You had one spell level left.
You knew the following spells:

 Your Spells              Type           Power        Failure   Level  Hunger
a - Shock                 Conj/Air       ####         1%          1    None
b - Static Discharge      Conj/Air       #####...     1%          3    None
c - Swiftness             Chrm/Air       ####....     1%          2    None
d - Airstrike             Air            ######....   1%          4    ###....
e - Blink                 Tloc           N/A          6%          2    None
f - Mephitic Cloud        Conj/Pois/Air  ####....     2%          3    None
g - Apportation           Tloc           ###...       4%          1    None
h - Frozen Ramparts       Ice            ####..       3%          3    None
i - Lightning Bolt        Conj/Air       #####.....   12%         5    #####..
j - Shroud of Golubria    Chrm/Tloc      ##....       10%         2    None
k - Ozocubu's Armour      Chrm/Ice       ###.....     10%         3    None

Your spell library contained the following spells:

 Spells                   Type           Power        Failure   Level  Hunger
 Freeze                   Ice            ####         1%          1    None
 Magic Dart               Conj           ####         1%          1    None
 Foxfire                  Conj/Fire      ###.         4%          1    None
 Sting                    Tmut/Pois      ##..         7%          1    None
 Animate Skeleton         Necr           N/A          11%         1    None
 Corona                   Hex            #......      11%         1    None
 Infusion                 Chrm           #...         11%         1    None
 Summon Small Mammal      Summ           #...         11%         1    None
 Ensorcelled Hibernation  Hex/Ice        ###...       4%          2    None
 Conjure Flame            Conj/Fire      ###.....     12%         3    None
 Dazzling Flash           Conj/Hex       ###...       12%         3    None
 Gell's Gravitas          Tloc           ###.......   12%         3    None
 Hailstorm                Conj/Ice       ####....     13%         4    ###....
 Call Imp                 Summ           #.......     16%         2    None
 Slow                     Hex            #.......     16%         2    None
 Song of Slaying          Chrm           #.......     16%         2    None
 Silence                  Hex/Air        ####......   28%         5    #####..
 Confusing Touch          Hex            #.......     30%         3    None
 Inner Flame              Hex/Fire       #.......     30%         3    None
 Spectral Weapon          Hex/Chrm       #.......     30%         3    None
 Tukima's Dance           Hex            #.......     30%         3    None
 Summon Ice Beast         Ice/Summ       ###.....     32%         4    ###....
 Sticky Flame             Conj/Fire      ###.....     38%         4    ###....
 Metabolic Englaciation   Hex/Ice        ###.......   67%         5    #####..
 Cause Fear               Hex            #.........   71%         4    ###....
 Petrify                  Tmut/Erth      #.......     71%         4    ###....
 Fireball                 Conj/Fire      ###.......   75%         5    #####..
 Iskenderun's Battlesphe  Conj/Chrm      ###.....     75%         5    #####..
 Yara's Violent Unravell  Hex/Tmut       #.........   96%         5    #####..
 Eringya's Noxious Bog    Tmut/Pois      ##........   100%        6    ######.
 Discord                  Hex            #.........   100%        8    #######


Dungeon Overview and Level Annotations

Branches:
Dungeon (12/15)            Temple (1/1) D:4            Lair (6/6) D:9
 Shoals (2/4) Lair:2       Spider (0/4) Lair:3        Slime (0/5) Lair:6
    Orc (2/2) D:9             Elf (0/3) Orc:2          Hell (visited)
  Sewer (visited)           IceCv (visited)         Gauntlet (visited)
    Dis: Hell:1         Geh: Hell:1         Coc: Hell:1         Tar: Hell:1

Altars:
Ashenzari
Cheibriados
Dithmenos
Elyvilon
Gozag
Kikubaaqudgha
Makhleb
Nemelex Xobeh
Qazlal
Ru
Sif Muna
Trog
Vehumet
Yredelemnul
Beogh

Shops:
D:4 *   D:5 [   Orc:1 ?   Orc:2 :[[:(

Portals:
Hell: Lair:6

Annotations:
D:2 exclusion: adder
D:3 2 transporters, MisterFreud's ghost, amateur HuWn
Lair:3 Rupert


Innate Abilities, Weirdness & Mutations

You have a beak for a mouth.
You have claws for feet.
You can fly continuously.


Message History

The harpy completely misses you.
You riposte.
You slash the harpy! You freeze the harpy.
You kill the harpy!
Qazlal accepts your kill.
Splash!
You fall into the shallow water.
Moving in this stuff is going to be slow.
The water nymph touches you. The water nymph drowns you!
Unknown command.
You barely miss the water nymph.
The water nymph is severely wounded.
You block the water nymph's attack.
Splash!
You fall into the shallow water.
Moving in this stuff is going to be slow.
Unknown command.
Your unstable footing causes you to fumble your attack.
The water nymph gestures at you while chanting.
The water swirls and strikes you!!!
You die...

≈≈≈≈≈P≈≈≈≈≈≈≈≈≈..##..
≈≈≈≈≈≈≈P..≈≈≈≈≈≈≈.......
≈≈≈≈≈PP≈................
≈≈≈≈PPPP.P.PP...........
≈≈≈≈..P≈..............#.
≈≈≈PP≈≈≈..............##
≈≈≈≈≈PPPP○P..........(..
≈≈≈≈≈PP.○...............
≈≈≈≈≈P.@☼≈≈###((##≈≈....
≈≈≈PP☼P≈m#≈###..####≈...
≈≈≈PPP.≈≈≈###.≈...##≈...
≈≈≈≈PP°†P###.≈≈≈...##...
≈≈≈≈.....#..≈≈≈≈≈..##..≈
≈≈≈≈≈.....(≈≈≈≈≈≈≈≈....≈
≈≈≈≈≈.......≈≈≈≈≈≈≈.≈.≈≈
≈≈≈≈≈≈....#..≈≈≈≈≈≈.##≈..
≈≈≈≈≈≈≈...##...≈≈≈.## ..


You could see a water nymph.

Vanquished Creatures
  A kraken (Shoals:1)
  A frost giant (IceCv)
  An orc warlord (Orc:2)
  A minotaur (Gauntlet)
  A dire elephant (Lair:6)
  A merfolk impaler (Lair:2)
  Harold (D:8)
  A catoblepas (Lair:6)
  3 hydras
  7 death yaks
  2 two-headed ogres
  3 tengu warriors
  A sun demon (Lair:6)
  An orc high priest (Orc:2)
  A soul eater (Gauntlet)
  2 sea snakes (Shoals:1)
  An unseen horror (D:10)
  A wizard (Lair:6)
  A necromancer (Lair:6)
  6 harpies
  3 manticores
  6 orc sorcerers (Orc:2)
  4 fauns (Shoals:1)
  7 elephants
  A cyclops (D:11)
  A deep elf mage (D:10)
  An oklob plant (Lair:1)
  2 ugly things
  Maurice (D:10)
  An ice statue (IceCv)
  A rust devil (Gauntlet)
  4 merfolk sirens (Shoals:1)
  3 water nymphs (Shoals:1)
  11 spiny frogs
  5 black mambas
  Joseph (D:10)
  3 orange demons (Lair:6)
  A smoke demon (Lair:6)
  A gargoyle (D:12)
  2 torpor snails
  Maggie (D:8)
  3 kobold demonologists (D:11)
  5 komodo dragons
  3 rime drakes
  3 ice devils (Lair:6)
  An efreet (D:12)
  2 trolls
  19 polar bears (IceCv)
  A red devil (Lair:6)
  A queen bee (shapeshifter) (D:12)
  6 merfolk (Shoals:1)
  Grinder (D:3)
  2 wind drakes (Shoals:1)
  4 snapping turtles (Shoals:1)
  5 blink frogs (Lair:6)
  4 hippogriffs
  11 dream sheep (Lair:6)
  A slime creature (D:12)
  A ynoxinul (Gauntlet)
  58 yaks
  3 wyverns
  A shadow (D:12)
  3 redbacks (Lair:3)
  A basilisk (D:11)
  2 water elementals
  Grum (D:8)
  A steam dragon (D:10)
  Eustachio (D:5)
  2 wargs (Orc:2)
  A hungry ghost (D:4)
  Menkaure (D:7)
  13 water moccasins
  5 porcupines
  Duvessa (D:5)
  5 hell hounds (Lair:6)
  25 orc warriors
  2 ice beasts
  2 black bears
  Purgy (D:3)
  4 phantoms
  9 ogres
  8 centaurs
  29 wolves
  8 crocodiles
  2 big kobolds
  16 bullfrogs
  A wyvern skeleton (D:10)
  Dowan (D:5)
  5 scorpions
  A water moccasin skeleton (D:5)
  10 killer bees
  5 electric eels
  7 wights
  2 howler monkeys (D:10)
  2 bullfrog zombies
  A quasit (D:11)
  5 hounds
  10 orc priests
  Crazy Yiuf (D:7)
  5 bullfrog skeletons
  2 jellies
  2 centaur skeletons
  27 orc wizards
  2 iron imps (Gauntlet)
  Ijyb (D:3)
  Jessica (D:3)
  3 iguanas
  Natasha (twice) (D:3)
  8 worker ants
  3 small abominations (Gauntlet)
  2 hound zombies
  A howler monkey zombie (D:11)
  A worker ant zombie (D:11)
  11 adders
  6 gnolls
  4 river rats (Sewer)
  6 shadow imps
  2 oozes (Sewer)
  2 adder skeletons (D:4)
  2 worms
  8 leopard geckos
  68 orcs
  8 ball pythons
  5 giant cockroaches
  14 goblins
  4 hobgoblins
  12 jackals
  2 quokkas
  6 bats
  2 frilled lizards
  A giant cockroach zombie (D:6)
  34 kobolds
  A leopard gecko zombie (D:6)
  27 rats
  3 tentacles (Shoals:1)
714 creatures vanquished.

Vanquished Creatures (collateral kills)
  A hound (D:7)
  A hound skeleton (D:8)
2 creatures vanquished.

Vanquished Creatures (others)
  A manticore (Shoals:1)
  A meliai simulacrum (D:12)
  An orc warrior (Orc:2)
  A worker ant (D:8)
  3 orcs (Orc:2)
  A demonic plant (Gauntlet)
  15 fungi
  6 plants
  14 tentacles (Shoals:1)
43 creatures vanquished.

Grand Total: 759 creatures vanquished

Notes
Turn   | Place    | Note
-------+----------+-------------------------------------------
     0 | D:1      | Lavandula the Tengu Air Elementalist began the quest for
                  | the Orb.
     0 | D:1      | Reached XP level 1. HP: 10/10 MP: 4/4
   312 | D:1      | Reached XP level 2. HP: 14/16 MP: 1/6
   467 | D:1      | Reached skill level 1 in Fighting
  1109 | D:2      | Found a shimmering blue altar of Sif Muna.
  1141 | D:2      | Reached XP level 3. HP: 21/21 MP: 4/7
  1251 | D:2      | You fall into a shaft and drop 1 floor!
  1255 | D:3      | Noticed Jessica
  1258 | D:3      | Killed Jessica
  1502 | D:3      | Reached XP level 4. HP: 28/28 MP: 4/8
  1590 | D:3      | Found a transporter.
  1823 | D:3      | Found a transporter.
  1824 | D:3      | Noticed MisterFreud's ghost (amateur HuWn)
  1828 | D:3      | Noticed a hungry ghost
  2056 | D:3      | Noticed Purgy
  2099 | D:3      | Noticed Natasha
  2118 | D:3      | Killed Natasha
  2193 | D:3      | Killed Purgy
  2193 | D:3      | Gained mutation: You can fly continuously. [Tengu growth]
  2193 | D:3      | Reached XP level 5. HP: 31/32 MP: 4/12
  2210 | D:3      | Learned a level 3 spell: Static Discharge
  2213 | D:3      | Learned a level 2 spell: Swiftness
  2218 | D:3      | Learned a level 4 spell: Airstrike
  2241 | D:3      | Learned a level 2 spell: Blink
  2267 | D:3      | Noticed Ijyb
  2269 | D:3      | Paralysed by Ijyb for 6 turns
  2277 | D:3      | Killed Ijyb
  2277 | D:3      | Reached XP level 6. HP: 37/37 MP: 13/13
  2430 | D:3      | Reached skill level 5 in Spellcasting
  2450 | D:3      | Noticed Grinder
  2471 | D:3      | Killed Grinder
  2471 | D:3      | Reached XP level 7. HP: 33/41 MP: 13/15
  2671 | D:3      | Found a snail-covered altar of Cheibriados.
  2671 | D:3      | Found a radiant altar of Vehumet.
  2701 | D:3      | Noticed Natasha
  2707 | D:3      | Killed Natasha
  3232 | D:4      | Found a shadowy altar of Dithmenos.
  3251 | D:4      | Found a staircase to the Ecumenical Temple.
  3254 | D:4      | Noticed a hungry ghost
  3264 | D:4      | Killed a hungry ghost
  3268 | Temple   | Entered the Ecumenical Temple
  3280 | Temple   | Became a worshipper of Qazlal Stormbringer
  3294 | D:4      | Found an opulent altar of Gozag.
  3295 | D:4      | Found Gozag's Platinum Reserve.
  3348 | D:4      | Found a glowing drain.
  3370 | Sewer    | Entered a sewer
  3471 | Sewer    | Reached * piety under Qazlal
  3536 | Sewer    | Reached XP level 8. HP: 46/46 MP: 14/16
  3694 | Sewer    | Reached skill level 1 in Translocations
  3710 | Sewer    | Reached ** piety under Qazlal
  3968 | D:4      | Reached skill level 1 in Long Blades
  4115 | D:5      | Entered Level 5 of the Dungeon
  4115 | D:5      | Found Onkufoos's Antique Armour Emporium.
  4209 | D:5      | Reached skill level 2 in Long Blades
  4293 | D:5      | Noticed Eustachio
  4322 | D:5      | Killed Eustachio
  4433 | D:5      | Learned a level 3 spell: Mephitic Cloud
  4688 | D:5      | Found an ancient bone altar of Kikubaaqudgha.
  4830 | D:5      | Noticed Duvessa
  4831 | D:5      | Noticed Dowan
  4838 | D:5      | Killed Dowan
  4850 | D:5      | HP: 2/46 [Duvessa/+0 short sword (11)]
  4983 | D:5      | Killed Duvessa
  4983 | D:5      | Reached XP level 9. HP: 50/50 MP: 10/19
  5319 | D:6      | Found a shattered altar of Ashenzari.
  5361 | D:6      | Noticed a two-headed ogre
  5379 | D:6      | Killed a two-headed ogre
  5651 | D:6      | Reached skill level 1 in Armour
  5850 | D:6      | Reached *** piety under Qazlal
  6234 | D:6      | Reached skill level 5 in Armour
  6234 | D:6      | Reached XP level 10. HP: 35/56 MP: 15/23
  6723 | D:7      | Found a runed translucent door.
  6724 | D:7      | Noticed Crazy Yiuf
  6842 | D:7      | Killed Crazy Yiuf
  6913 | D:7      | Found a sparkling altar of Nemelex Xobeh.
  7204 | D:7      | Noticed Menkaure
  7206 | D:7      | Killed Menkaure
  7258 | D:7      | Found a basalt altar of Yredelemnul.
  7529 | D:8      | Noticed Maggie
  7549 | D:8      | Killed Maggie
  7549 | D:8      | Reached skill level 5 in Dodging
  7769 | D:8      | Reached **** piety under Qazlal
  8017 | D:8      | Noticed Grum
  8188 | D:8      | Killed Grum
  8201 | D:8      | Noticed a white ugly thing
  8374 | D:8      | Killed a cyan ugly thing
  8385 | D:8      | Found a burning altar of Makhleb.
  8398 | D:8      | Reached XP level 11. HP: 52/60 MP: 15/24
  8429 | D:8      | Found a white marble altar of Elyvilon.
  8634 | D:9      | Noticed Joseph
  8644 | D:10     | Entered Level 10 of the Dungeon
  8647 | D:10     | Killed Joseph
  8647 | D:10     | Reached skill level 10 in Dodging
  8867 | D:10     | Noticed a tengu warrior
  8869 | D:10     | Noticed a tengu warrior
  8875 | D:10     | Killed a tengu warrior
  8897 | D:10     | Noticed a two-headed ogre
  8900 | D:10     | Noticed Maurice
  8996 | D:10     | Killed a tengu warrior
  9027 | D:10     | Killed a two-headed ogre
  9278 | D:9      | Noticed a death yak
  9279 | D:9      | Noticed a death yak
  9279 | D:9      | Noticed a death yak
  9292 | D:9      | Reached ***** piety under Qazlal
  9365 | D:9      | Noticed a death yak
  9365 | D:9      | Noticed a death yak
  9383 | D:9      | Killed a death yak
  9419 | D:8      | Killed a death yak
  9437 | D:9      | Noticed Harold
  9525 | D:8      | Killed Harold
  9743 | D:8      | Killed a death yak
  9902 | D:8      | Killed a death yak
  9902 | D:8      | Reached skill level 4 in Long Blades
  9902 | D:8      | Reached XP level 12. HP: 27/64 MP: 3/25
 10042 | D:9      | Found a staircase to the Orcish Mines.
 10244 | D:9      | Found a staircase to the Lair.
 10261 | D:9      | Killed a death yak
 10261 | D:9      | Reached skill level 5 in Long Blades
 10268 | D:9      | Learned a level 5 spell: Lightning Bolt
 10364 | Lair:1   | Entered Level 1 of the Lair of Beasts
 10376 | D:9      | Reached skill level 6 in Long Blades
 10732 | D:10     | Reached skill level 7 in Long Blades
 10804 | D:10     | Killed Maurice
 11188 | D:11     | Reached skill level 8 in Long Blades
 11222 | D:11     | Found a gate leading to a gauntlet.
 11253 | Gauntlet | Entered a Gauntlet
 11253 | Gauntlet | Found a transporter.
 11261 | Gauntlet | Found a transporter.
 11264 | Gauntlet | Found a transporter.
 11266 | Gauntlet | Noticed a soul eater
 11272 | Gauntlet | Found a transporter.
 11276 | Gauntlet | Found a transporter.
 11284 | Gauntlet | Found a transporter.
 11289 | Gauntlet | Found a transporter.
 11298 | Gauntlet | Found a transporter.
 11306 | Gauntlet | Found a transporter.
 11310 | Gauntlet | Found a transporter.
 11312 | Gauntlet | Noticed a death ooze
 11321 | Gauntlet | Found a transporter.
 11341 | Gauntlet | Found a transporter.
 11350 | Gauntlet | Noticed a thrashing horror
 11353 | Gauntlet | Found a transporter.
 11377 | Gauntlet | Found a transporter.
 11427 | Gauntlet | Reached skill level 10 in Air Magic
 11567 | Gauntlet | Killed a soul eater
 11844 | Gauntlet | Got an ancient steel amulet
 11852 | Gauntlet | Identified the amulet "Ruujak" {Faith +Inv rPois Str+5
                  | Dex-5} (You found it in a Gauntlet)
 11858 | Gauntlet | Noticed a minotaur
 11885 | Gauntlet | Killed a minotaur
 12113 | D:11     | Reached skill level 1 in Evocations
 12383 | D:11     | Reached skill level 9 in Long Blades
 13070 | D:12     | Noticed a tengu warrior
 13075 | D:12     | Noticed a stone giant
 13076 | D:12     | Noticed a two-headed ogre
 13081 | D:12     | Killed a tengu warrior
 13085 | D:12     | Reached skill level 10 in Long Blades
 13086 | D:12     | Noticed a centaur warrior
 13086 | D:12     | Noticed a two-headed ogre
 13267 | D:12     | Reached XP level 13. HP: 68/68 MP: 17/26
 13487 | Lair:1   | Reached skill level 11 in Long Blades
 13609 | Lair:1   | Got a heavily jewelled robe
 14057 | Lair:2   | Reached skill level 12 in Long Blades
 14247 | Lair:2   | Learned a level 3 spell: Frozen Ramparts
 14251 | Lair:2   | Learned a level 3 spell: Ozocubu's Armour
 14261 | Lair:2   | Found a staircase to the Shoals.
 14516 | Lair:3   | Noticed Rupert
 14597 | Lair:3   | Found a hole to the Spider Nest.
 14616 | Lair:3   | Reached skill level 13 in Long Blades
 14694 | Lair:3   | Identified the +2 robe of Summertime {Dex+3} (You found it
                  | on level 1 of the Lair of Beasts)
 15242 | Lair:6   | Entered Level 6 of the Lair of Beasts
 15255 | Lair:6   | Reached skill level 14 in Long Blades
 15445 | Lair:6   | Reached skill level 5 in Fighting
 15503 | Lair:6   | Reached XP level 14. HP: 30/79 MP: 23/27
 15629 | Lair:6   | Found a frozen archway.
 15640 | IceCv    | Entered an ice cave
 16273 | IceCv    | Got an opalescent robe
 16330 | IceCv    | Reached ****** piety under Qazlal
 16337 | IceCv    | Noticed a frost giant
 16354 | IceCv    | Killed a frost giant
 16354 | IceCv    | Reached skill level 10 in Fighting
 16428 | IceCv    | Identified the cursed +1 robe of Zin's Felicitations {rN+}
                  | (You found it in an ice cave)
 16443 | IceCv    | Identified the Handbook of Toxic Good Luck
 16851 | Lair:6   | Noticed a dire elephant
 16870 | Lair:6   | Killed a dire elephant
 16933 | Lair:6   | Reached skill level 15 in Long Blades
 16965 | Lair:6   | Found a burning altar of Makhleb.
 16982 | Lair:6   | Reached skill level 1 in Ice Magic
 16991 | Lair:6   | Reached XP level 15. HP: 86/93 MP: 16/28
 17026 | Lair:6   | Found a gateway to Hell.
 17077 | Hell     | Entered the Vestibule of Hell
 17329 | Orc:1    | Entered Level 1 of the Orcish Mines
 17330 | Orc:1    | Found Wedief's Magic Scroll Shop.
 17412 | Orc:1    | Bought a scroll of enchant armour for 82 gold pieces
 17412 | Orc:1    | Bought a scroll of magic mapping for 38 gold pieces
 17532 | Orc:2    | Entered Level 2 of the Orcish Mines
 17601 | Orc:2    | Found a staircase to the Elven Halls.
 17674 | Orc:2    | Found Becraph's Armour Shop.
 17714 | Orc:2    | Reached skill level 5 in Ice Magic
 17978 | Orc:2    | Found a roughly hewn altar of Beogh.
 17983 | Orc:2    | Found Yrogukh's Book Shoppe.
 17988 | Orc:2    | Bought a book of Cantrips for 320 gold pieces
 17991 | Orc:2    | Learned a level 2 spell: Shroud of Golubria
 17993 | Orc:2    | Learned a level 1 spell: Apportation
 18257 | Orc:2    | Found a roughly hewn altar of Beogh.
 18284 | Orc:2    | Found Nuttoz's Book Emporium.
 18374 | Orc:2    | Noticed an orc warlord
 18459 | Orc:2    | Killed an orc warlord
 18585 | Orc:2    | Found a roughly hewn altar of Beogh.
 18605 | Orc:2    | Found a roughly hewn altar of Beogh.
 18642 | Orc:2    | Found Huylydghur's Antique Weapon Emporium.
 18644 | Orc:2    | Found Kueth's Antique Armour Shoppe.
 18644 | Orc:2    | Found a roughly hewn altar of Beogh.
 18665 | Orc:2    | Bought a transparent chain mail for 237 gold pieces
 18675 | Orc:2    | Identified the +4 chain mail "Heogun" {rElec rC+ Int-2
                  | Slay+4} (You bought it in a shop on level 2 of the Orcish
                  | Mines)
 18797 | Shoals:1 | Entered Level 1 of the Shoals
 18994 | Shoals:1 | Noticed a kraken
 19148 | Shoals:1 | Reached skill level 16 in Long Blades
 19472 | Shoals:1 | Killed a kraken
 19835 | Shoals:1 | Killed from afar by a water nymph

Levels and vault maps discovered:
D:1:      sevenhm_arrival_forest_fort_large_1, layout_loops_corners
D:2:      layout_loops_ring, lemuel_blue_sif_altar
D:3:      kennysheep_goblin_castle, layout_basic,
          amethyst_overflow_temple_binary, gammafunk_ghost_mausoleum,
          roderic_serpentine_path, kennysheep_path_1, minivault_11, uniq_purgy,
          uniq_jessica, uniq_ijyb, uniq_grinder, uniq_natasha
D:4:      layout_basic, lemuel_round_altar, nicolae_gozag_zags_fifth_avenue,
          minmay_temple_entry_mini_moons, gup_sewer_entry_pipe,
          hangedman_abyss_or_decor_lesser_grid
D:5:      layout_basic, kiku_gazebo_pond_becter, first_ration, serial_shops,
          shop, uniq_duvessa, uniq_eustachio
D:6:      cheibrodos_helix_gallery, layout_basic, nicolae_ashenzari_panopticon
D:7:      layout_basic, nemelex_xobeh_ov_fountains_minmay,
          yredelemnul_altar_generic, uniq_menkaure, uniq_crazy_yiuf_cottage
D:8:      nicolae_whirlpool, layout_rooms, lemuel_crystal_altar,
          lemuel_coloured_pillars_altar, serial_glass, glass_columns_b,
          glass_columns_c, glass_columns_a, glass_columns_b, glass_columns_a,
          glass_columns_b, minmay_misc_feat_enclosed, uniq_grum, uniq_maggie
D:9:      layout_rooms, dpeg_lair_monsters, uniq_joseph, uniq_harold
D:10:     layout_basic, uniq_maurice
D:11:     cheibrodos_barr_body, layout_rooms, gauntlet_entry_generic
D:12:     minmay_the_grid_triangle_9x9_rhombus_thin_mashed
          [minmay_the_grid_triangle_9x9_swiss_cheese,
          minmay_the_grid_triangle_9x9_prize_top_heavy,
          minmay_the_grid_triangle_9x9_empty,
          minmay_the_grid_triangle_9x9_fully_insulated_deathbox],
          layout_grid_maze, hangedman_ranch [blue_anna_fruit_fields],
          minmay_misc_feat_ornament, minmay_misc_feat_nine_boxes,
          minmay_fractal_squares_5
Temple:   hc_temple_tempest_star
Lair:1:   layout_cave_pods, dpeg_stationary_puzzle, infiniplex_staircase_pool,
          serial_bayou_shore_a
Lair:2:   layout_chaotic_city, shoals_dummy_entry, grunt_megastairs_1,
          serial_bayou_shore_b
Lair:3:   layout_loops_ring, spider_nest_entry_webs, uniq_rupert
Lair:4:   layout_loops_ring
Lair:5:   layout_cave_shapes
Lair:6:   evil_forest, layout_regular_city, dpeg_slime_entry_enclosed_altar,
          portal_ice_cave_demonic_guard
Shoals:1: layout_shoals, nicolae_shoals_kraken_intersection
Shoals:2: layout_shoals, serial_shops, nicolae_shop_crystal
Orc:1:    layout_diamond_mine, serial_shops, shop_fountains, uniq_erolcha
Orc:2:    grunt_orc_community_town_hall, layout_caves,
          grunt_orc_community_big_house_2, grunt_orc_community_big_house_2,
          grunt_orc_community_house_1, grunt_orc_community_house_1,
          grunt_orc_community_house_1, grunt_orc_community_house_3,
          serial_shops, nicolae_shop_window_shopping
Hell

Skill      XL: |  1  2  3  4  5  6  7  8  9 10 11 12 13 14 15 |
---------------+----------------------------------------------+-----
Fighting       | 1 3 5 10 | 10.9
Spellcasting   | 4 5 6 8 |  8.3
Air Magic      | 6 9 11 | 11.2
Translocations | 2 |  2.4
Long Blades    | 2 4 10 14 15 16 | 16.9
Conjurations   | 4 |  4.5
Poison Magic   | 2 |  2.0
Armour         | 5 6 |  6.5
Dodging        | 9 13 | 13.0
Evocations     | 2 |  2.6
Ice Magic      | 1 5 |  5.5
Stealth        | |  2.0

Action                   |  1- 3 |  4- 6 |  7- 9 | 10-12 | 13-15 || total
-------------------------+-------+-------+-------+-------+-------++-------
Melee: Whip              |    11 |    58 |   173 |   181 |       ||   423
       Peck              |     3 |    13 |    30 |   100 |   217 ||   363
       Kick              |     2 |     9 |    49 |   133 |   337 ||   530
       Falchion          |       |       |    60 |    10 |       ||    70
       Quarterstaff      |       |       |       |    48 |       ||    48
       Long sword        |       |       |       |   166 |       ||   166
       Scimitar          |       |       |       |     9 |   585 ||   594
       Great sword       |       |       |       |       |   555 ||   555
Throw: Boomerang         |       |       |     1 |     1 |       ||     2
       Dart              |       |       |       |    27 |       ||    27
 Cast: Shock             |    56 |    29 |    70 |   185 |    27 ||   367
       Airstrike         |       |       |    28 |    95 |    35 ||   158
       Static Discharge  |       |       |    13 |    40 |     1 ||    54
       Blink             |       |       |     5 |     5 |     4 ||    14
       Mephitic Cloud    |       |       |     1 |    42 |    32 ||    75
       Lightning Bolt    |       |       |       |     6 |    17 ||    23
       Ozocubu's Armour  |       |       |       |       |     8 ||     8
       Frozen Ramparts   |       |       |       |       |     9 ||     9
       Shroud of Golubri |       |       |       |       |     6 ||     6
       Apportation       |       |       |       |       |     1 ||     1
Invok: Disaster Area     |       |       |       |       |     1 ||     1
       Upheaval          |       |       |       |       |     2 ||     2
 Abil: Fly               |       |       |       |     1 |     1 ||     2
       Stop Flying       |       |       |       |       |     2 ||     2
       Evoke Invisibilit |       |       |       |       |     2 ||     2
Evoke: Wand              |       |     2 |     4 |    10 |     9 ||    25
       Tin of tremorston |       |       |       |     2 |       ||     2
       Phantom mirror    |       |       |       |     1 |       ||     1
       Lightning rod     |       |       |       |       |     1 ||     1
  Use: Scroll            |       |       |     3 |    11 |    19 ||    33
       Potion            |       |       |     1 |     2 |    10 ||    13
 Stab: Paralysed         |       |     8 |       |       |       ||     8
       Sleeping          |       |       |     1 |       |     6 ||     7
       Confused          |       |       |       |    26 |    35 ||    61
       Invisible         |       |       |       |       |     7 ||     7
  Eat: Chunk             |     3 |     3 |    18 |    18 |    23 ||    65
       Ration            |       |       |       |     5 |     2 ||     7
Armor: Robe              |     5 |     6 |       |       |       ||    11
       Troll leather arm |       |     6 |    88 |    68 |   106 ||   268
Dodge: Dodged            |    15 |    46 |   146 |   327 |   804 ||  1338
       Repelled          |       |       |       |    10 |     9 ||    19
Block: Other             |       |       |    14 |   247 |   688 ||   949
       Reflection        |       |       |       |     2 |    19 ||    21
       Rpst.: Falchion   |       |       |    18 |       |       ||    18
       Long sword        |       |       |       |    37 |       ||    37
       Scimitar          |       |       |       |     3 |    85 ||    88
       Great sword       |       |       |       |       |    79 ||    79

Table legend:
 A = Non-vault XP
 B = Vault XP
 C = Vault XP percentage of total XP
 D = Non-vault monster count
 E = Vault monster count
 F = Vault count percentage of total count
                 A         B        C        D         E       F
            +---------+---------+-------+---------+---------+-------
      Total |   67854 |   52146 |  43.5 |     434 |     281 |  39.3
            +---------+---------+-------+---------+---------+-------
        D:1 |      20 |       3 |  13.0 |      14 |       2 |  12.5
        D:2 |      18 |       0 |   0.0 |      10 |       0 |   0.0
        D:3 |     188 |     548 |  74.5 |      20 |      16 |  44.4
        D:4 |     495 |      18 |   3.5 |      11 |       7 |  38.9
        D:5 |     488 |     402 |  45.2 |      16 |       3 |  15.8
        D:6 |    2567 |     127 |   4.7 |      40 |       1 |   2.4
        D:7 |     686 |     199 |  22.5 |      21 |       2 |   8.7
        D:8 |    2083 |    4895 |  70.1 |      28 |      13 |  31.7
        D:9 |    1218 |    1451 |  54.4 |      20 |       2 |   9.1
       D:10 |    5904 |     906 |  13.3 |      33 |       2 |   5.7
       D:11 |    1124 |    2264 |  66.8 |      14 |      13 |  48.1
       D:12 |    1125 |    1500 |  57.1 |       6 |       3 |  33.3
     Lair:1 |    5005 |     520 |   9.4 |      24 |       1 |   4.0
     Lair:2 |    5121 |     839 |  14.1 |      18 |       2 |  10.0
     Lair:3 |    2919 |     634 |  17.8 |      11 |       3 |  21.4
     Lair:4 |    1947 |       0 |   0.0 |      10 |       0 |   0.0
     Lair:5 |    4059 |     216 |   5.1 |      16 |       1 |   5.9
     Lair:6 |   14318 |    9649 |  40.3 |      49 |      27 |  35.5
   Shoals:1 |   14743 |    2346 |  13.7 |      34 |       1 |   2.9
   Shoals:2 |     818 |       0 |   0.0 |       2 |       0 |   0.0
      Orc:1 |     768 |       0 |   0.0 |      14 |       0 |   0.0
      Orc:2 |    2240 |    8051 |  78.2 |      23 |      67 |  74.4
      Sewer |       0 |     227 | 100.0 |       0 |      48 | 100.0
      IceCv |       0 |   14273 | 100.0 |       0 |      55 | 100.0
   Gauntlet |       0 |    3078 | 100.0 |       0 |      12 | 100.0
            +---------+---------+-------+---------+---------+-------
